 Dungeon Crawl Stone Soup version 0.29.1-1-gd02db6906a (webtiles) character file.

Game seed: 13162989479061053044

18 sleeves the Slasher (level 3, -1/28 HPs)
             Began as a Meteoran Wanderer on Sept 27, 2022.
             Slain by a goblin
             ... wielding a +0 club
              (2 damage)
             ... on level 1 of the Dungeon.
             The game lasted 00:03:24 (504 turns).

sleeves the Slasher (Meteoran Wanderer)              Turns: 504, Time: 00:03:25

Health: -1/28      AC:  3    Str: 14    XL:     3   Next: 5%
Magic:  0/8        EV: 12    Int: 15    God:
Gold:   29         SH:  0    Dex: 13    Spells: 6/7 levels left

rFire   . . .      SeeInvis .   a - +2 falchion
rCold   . . .      Faith    .   (no shield)
rNeg    . . .      Spirit   .   d - +0 robe
rPois   .          Reflect  .   (no helmet)
rElec   .          Harm     .   b - +0 cloak
rCorr   .          Rampage  .   (no gloves)
Will    .....                   (no boots)
Stlth   +.........              g - amulet of the acrobat
HPRegen 0.09/turn               (no ring)
MPRegen 0.11/turn               (no ring)

@: glowing
A: sense surroundings 1, otherworldly, glowing, explore regen
a: no special abilities


You were on level 1 of the Dungeon.
You visited 1 branch of the dungeon, and saw 2 of its levels.

You collected 29 gold pieces.

Inventory:

Hand Weapons
 a - a +2 falchion (weapon)
Armour
 b - a +0 cloak (worn)
 d - a +0 robe (worn)
Jewellery
 g - an amulet of the acrobat (around neck)
   (You found it on level 1 of the Dungeon)
Scrolls
 c - a scroll of blinking
 h - a scroll of fog {unknown}
Potions
 e - a potion of heal wounds {unknown}
 f - a potion of curing {unknown}


   Skills:
 - Level 1.1 Fighting
 + Level 3.9 Long Blades
 - Level 1.2 Throwing
 - Level 1.2 Armour
 - Level 2.4 Dodging
 - Level 2.6 Spellcasting
 - Level 1.2 Hexes


You had 6 spell levels left.
You knew the following spells:

 Your Spells              Type           Power      Damage    Failure   Level
a - Slow                  Hex            20%        N/A       13%         1

Your spell library contained the following spells:

 Spells                   Type           Power      Damage    Failure   Level
 Dazzling Flash           Conj/Hex       6%         N/A       43%         3
 Ozocubu's Armour         Ice            2%         N/A       52%         3
 Ozocubu's Refrigeration  Ice            1%         4d7       100%        7


Dungeon Overview and Level Annotations

Branches:
Dungeon (2/15) Zot: 686

Altars:


Innate Abilities, Weirdness & Mutations

You passively map a small area around you.
You are easily found by Zot.
You glow in the dark.
You regain HP and MP as you explore.


Message History

Welcome, sleeves the Meteoran Wanderer.
The legendary Orb of Zot lies far below, as if waiting for you to find it.
Press ? for a list of commands and other information.
Found a lumpy black potion.
Found a staircase leading out of the dungeon.
You begin with the following items: a +2 falchion, a +0 cloak, a scroll of blinking, a +0 robe; and the following spell memorised: Slow; and the following spells available to memorise: Dazzling Flash.
Okay, then.
e - a lumpy black potion You open the door.
There is an open door here.
A rat comes into view.
Okay, then.
A rat comes into view.
You closely miss the rat. The rat bites you but does no damage.
You hit the rat.
The rat is severely wounded.
The rat closely misses you.
You hit the rat.
You kill the rat!
You barely miss the rat. The rat bites you but does no damage.
You hit the rat.
The rat is moderately wounded.
The rat bites you.
You hit the rat.
The rat is severely wounded.
The rat closely misses you. The rat completely misses you.
You hit the rat.
You kill the rat!
No target in view!
You see here a rat corpse.
HP restored.
Found a sling.
You see here a +0 sling.
A hobgoblin comes into view.
The hobgoblin shouts!
Found 3 gold pieces.
There are no items here.
A rat comes into view.
You barely miss the hobgoblin. The hobgoblin hits you.
You hit the hobgoblin but do no damage. The hobgoblin closely misses you.
You hit the hobgoblin.
The hobgoblin is almost dead.
The hobgoblin barely misses you.
You hit the hobgoblin.
You kill the hobgoblin!
You closely miss the rat. The rat bites you but does no damage.
The rat bites you.
You closely miss the rat.
A bat comes into view.
The rat bites you.
You hit the rat.
The rat is severely wounded.
The rat bites you.
You hit the rat.
You kill the rat!
The bat hits you but does no damage.
You barely miss the bat. The bat hits you. x2
* * * LOW HITPOINT WARNING * * *
The bat barely misses you.
You closely miss the bat. The bat hits you but does no damage.
You swing at nothing.
The bat misses you.
You swing at nothing.
The bat misses you. The bat hits you.
* * * LOW HITPOINT WARNING * * *
You slash the bat!
You kill the bat!
Your Long Blades skill increases to level 3!
You have reached level 2!
You start waiting.
A rat comes into view.
Found Ozocubu's Autobiography.
Found a stone staircase leading down.
A rat comes into view.
You swing at nothing.
You hit the rat.
You kill the rat!
You pick up Ozocubu's Autobiography and begin reading...
You add the spells Ozocubu's Armour and Ozocubu's Refrigeration to your library.
There is a stone staircase leading down here.
Found a bubbling emerald potion and 9 gold pieces.
Found a stone staircase leading down.
f - a bubbling emerald potion You now have 9 gold pieces.
There is a stone staircase leading down here.
You climb downwards.
There is a stone staircase leading up here.
You open the door.
Found 14 gold pieces.
There is an open door here.
A worm and a kobold come into view.
Found a short sword.
Found a stone staircase leading up.
The kobold shouts!
You see here 14 gold pieces.
There is an open door here.
There is a stone staircase leading up here.
You climb upwards.
There is a stone staircase leading down here.
There is a stone staircase leading down here.
You can't go up here!
You climb downwards.
The dart slug bites you but does no damage.
There is a stone staircase leading up here.
You climb upwards.
There is a stone staircase leading down here.
You slash the dart slug!
The dart slug is severely wounded.
The dart slug bites you.
You hit the dart slug.
You kill the dart slug!
You see here a dart slug corpse.
Found 7 gold pieces.
You now have 16 gold pieces (gained 7).
HP restored.
An endoplasm comes into view.
The endoplasm quivers.
The endoplasm closely misses you.
You hit the endoplasm.
The endoplasm is heavily wounded.
The endoplasm closely misses you.
You barely miss the endoplasm.
The endoplasm is heavily wounded.
The endoplasm hits you.
You hit the endoplasm.
The endoplasm is almost dead.
The endoplasm jiggles.
The endoplasm freezes you.
You are frozen.
The endoplasm barely misses you.
You hit the endoplasm.
You kill the endoplasm!
You open the door.
Found a faded altar of an unknown god.
There is an open door here.
A frilled lizard comes into view.
The frilled lizard hisses angrily.
You miss the frilled lizard. The frilled lizard bites you.
You slash the frilled lizard!
You kill the frilled lizard!
Why would you want to do that?
You open the door.
There is an open door here.
A kobold comes into view. It is wielding a +0 dagger.
A kobold is nearby!
A kobold is nearby!
The kobold hits you but does no damage.
You barely miss the kobold. The kobold hits you but does no damage.
You hit the kobold.
The kobold is severely wounded.
The kobold closely misses you.
You barely miss the kobold.
The kobold is severely wounded.
The kobold hits you with a +0 dagger.
You hit the kobold.
You kill the kobold!
Things that are here:
a +0 dagger; 2 stones; a kobold corpse You slash the plant!
The plant begins to die.
The plant is lightly damaged.
You slash the plant!
The plant is lightly damaged.
You hit the plant.
The plant is lightly damaged.
You hit the plant.
The plant is lightly damaged.
A nearby plant withers and dies.
You hit the plant.
The plant begins to die.
The plant is lightly damaged.
A nearby plant withers and dies.
Things that are here:
a +0 dagger; 2 stones; a kobold corpse A frilled lizard comes into view.
The frilled lizard hisses angrily.
A frilled lizard is nearby!
The frilled lizard unfolds its giant frill.
The frilled lizard barely misses you.
You slash the frilled lizard!
You kill the frilled lizard!
You see here a frilled lizard corpse.
Found a triangular bronze amulet.
g - an amulet of the acrobat You start putting on your amulet.
You continue putting on your amulet of the acrobat. x5
You finish putting on your amulet of the acrobat.
You feel ready to tumble and roll out of harm's way.
g - an amulet of the acrobat (around neck)
You see here a frilled lizard corpse.
Found a short sword.
Found 13 gold pieces.
You now have 29 gold pieces (gained 13).
A bat comes into view.
The bat closely misses you. The bat misses you. The bat barely misses you.
The bat barely misses you. x2
The bat closely misses you.
You hit the bat.
The bat is moderately wounded.
The bat barely misses you. The bat closely misses you.
You slash the bat!
You kill the bat!
No target in view!
Found a scroll labelled OCIN REWILL.
A jackal comes into view.
The jackal barks!
A jackal comes into view.
You see here a scroll labelled OCIN REWILL.
h - a scroll labelled OCIN REWILL The jackal closely misses you.
The jackal bites you.
You hit the jackal but do no damage. The jackal barely misses you.
You barely miss the jackal.
The jackal bites you but does no damage.
The jackal misses you.
The jackal bites you but does no damage.
You miss the jackal. The jackal bites you.
A jackal comes into view.
The jackal bites you. x2
The jackal attacks as you move away!
The jackal bites you but does no damage.
A goblin comes into view. It is wielding a +0 club.
The jackal barks!
The goblin shouts!
You hear a bark!
The jackal closely misses you. The jackal attacks as you move away!
The jackal completely misses you. The goblin hits you with a +0 club.
A jackal comes into view.
The jackal barely misses you. The jackal misses you.
The jackal attacks as you move away! The jackal completely misses you.
The goblin completely misses you. The jackal completely misses you.
The goblin attacks as you move away! The goblin completely misses you.
The jackal completely misses you.
You are too injured to fight recklessly!
You are too injured to fight recklessly!
You are too injured to fight recklessly!
You hit the jackal.
The jackal is almost dead.
The jackal misses you.
You slash the jackal!
You kill the jackal!
The jackal bites you.
You closely miss the jackal. The jackal bites you.
Casting: Slow (safe; 14% risk of failure)
Confirm with . or Enter, or press ? or * to list all spells.
Aiming: Slow (safe; 14% risk of failure)
Press: ? - help, Shift-Dir - straight line, f - jackal
Aim: a jackal (chance to affect: 57%)
The jackal seems to slow down.
You closely miss the jackal. The jackal closely misses you.
Casting: Slow (safe; 14% risk of failure)
Confirm with . or Enter, or press ? or * to list all spells.
Aiming: Slow (safe; 14% risk of failure)
Press: ? - help, Shift-Dir - straight line, f - jackal
Aim: a jackal (chance to affect: 57%)
The jackal resists with significant effort.
The jackal bites you.
* * * LOW HITPOINT WARNING * * *
The jackal barely misses you.
Casting: Slow (safe; 14% risk of failure)
Confirm with . or Enter, or press ? or * to list all spells.
Aiming: Slow (safe; 14% risk of failure)
Press: ? - help, Shift-Dir - straight line, f/p - jackal
Aim: a jackal (chance to affect: 57%)
The jackal seems to slow down.
The jackal bites you.
* * * LOW HITPOINT WARNING * * *
You slash the jackal!
You kill the jackal!
The jackal bites you but does no damage.
You hit the jackal but do no damage.
The jackal is no longer moving slowly.
The jackal barely misses you.
You barely miss the jackal.
The jackal bites you but does no damage.
The jackal barely misses you.
Casting: Slow (safe; 14% risk of failure)
Confirm with . or Enter, or press ? or * to list all spells.
Aiming: Slow (safe; 14% risk of failure)
Press: ? - help, Shift-Dir - straight line, f - jackal
Aim: a jackal (chance to affect: 57%)
The jackal seems to slow down.
The jackal bites you but does no damage.
You slash the jackal!
You kill the jackal!
The jackal bites you but does no damage.
You have reached level 3!
Your experience leads to an increase in your attributes!
Increase (S)trength, (I)ntelligence, or (D)exterity?
You feel clever. x2; You feel stronger.
Casting: Slow (safe; 13% risk of failure)
Confirm with . or Enter, or press ? or * to list all spells.
Aiming: Slow (safe; 13% risk of failure)
Press: ? - help, Shift-Dir - straight line, f - jackal
Aim: a jackal (chance to affect: 58%)
The jackal resists with significant effort.
* * * LOW MAGIC WARNING * * *
The jackal bites you.
* * * LOW HITPOINT WARNING * * *
You closely miss the jackal. The jackal barely misses you.
The jackal bites you.
* * * LOW HITPOINT WARNING * * *
You slash the jackal!
You kill the jackal!
You barely miss the goblin. The goblin hits you with a +0 club.
* * * LOW HITPOINT WARNING * * *
Casting: Slow (safe; 13% risk of failure)
Confirm with . or Enter, or press ? or * to list all spells.
Aiming: Slow (safe; 13% risk of failure)
Press: ? - help, Shift-Dir - straight line, f - goblin
Aim: a goblin, wielding a +0 club (chance to affect: 58%)
The goblin resists with significant effort.
* * * LOW MAGIC WARNING * * *
The goblin barely misses you.
Casting: Slow (safe; 13% risk of failure)
Confirm with . or Enter, or press ? or * to list all spells.
Aiming: Slow (safe; 13% risk of failure)
Press: ? - help, Shift-Dir - straight line, f/p - goblin
Aim: a goblin, wielding a +0 club (chance to affect: 58%)
The goblin resists with significant effort.
* * * LOW MAGIC WARNING * * *
The goblin hits you with a +0 club.
* * * LOW HITPOINT WARNING * * *
You miss the goblin. The goblin misses you.
You closely miss the goblin. The goblin hits you with a +0 club.
* * * LOW HITPOINT WARNING * * *
You hit the goblin but do no damage. The goblin hits you but does no damage.
Casting: Slow (safe; 13% risk of failure)
Confirm with . or Enter, or press ? or * to list all spells.
Aiming: Slow (safe; 13% risk of failure)
Press: ? - help, Shift-Dir - straight line, f/p - goblin
Aim: a goblin, wielding a +0 club (chance to affect: 58%)
The goblin resists with significant effort.
* * * LOW MAGIC WARNING * * *
The goblin barely misses you.
You hit the goblin.
The goblin is severely wounded.
The goblin hits you with a +0 club.
* * * LOW HITPOINT WARNING * * *
The goblin hits you with a +0 club.
You die...

#.##.# #... , * *
#.##.####.###### *
#.#.##...........# #
#.#.#######.####.##.#
#.#.#######.###...#.##*
#...............#......
##...#####..##....#.##.
#.......#..##.#.##.##,
#...###@#..##........
##..# #g#.........#.# *
#..# #..........##
###..# ###.#####.##
#....## #.# * ..#
#####.#...♣♣♣♣♣♣ .h.#
,, ..........♣P..♣P♣*
*.....
.#####.#....PP.P. ,
..... ♣♣♣♣♣♣♣.♣♣♣♣♣.
....


You could see a goblin.

Vanquished Creatures
  A dart slug (D:1)
  2 bats (D:1)
  An endoplasm (D:1)
  A hobgoblin (D:1)
  4 jackals (D:1)
  2 frilled lizards (D:1)
  A kobold (D:1)
  4 rats (D:1)
16 creatures vanquished.

Vanquished Creatures (others)
  2 plants (D:1)
2 creatures vanquished.

Grand Total: 18 creatures vanquished

Notes
Turn   | Place    | Note
-------+----------+-------------------------------------------
     0 | D:1      | sleeves the Meteoran Wanderer began the quest for the Orb.
     0 | D:1      | sleeves set off with the following items: a +2 falchion, a
                  | +0 cloak, a scroll of blinking, a +0 robe; and the
                  | following spell memorised: Slow; and the following spells
                  | available to memorise: Dazzling Flash.
     0 | D:1      | Reached XP level 1. HP: 16/16 MP: 5/5
   107 | D:1      | HP: 8/16 [bat (1)]
   112 | D:1      | Reached skill level 3 in Long Blades
   112 | D:1      | Reached XP level 2. HP: 11/23 MP: 6/6
   223 | D:1      | Found a faded altar of an unknown god.
   487 | D:1      | HP: 11/23 [jackal (1)]
   494 | D:1      | Reached XP level 3. HP: 12/28 MP: 2/8
   494 | D:1      | HP: 10/28 [jackal (2)]
   499 | D:1      | HP: 5/28 [goblin/+0 club (2)]
   504 | D:1      | HP: 1/28 [goblin/+0 club (3)]
   504 | D:1      | Slain by a goblin

Illustrated notes

Levels and vault maps discovered:
D:1:      mrwooster_arrival_statue_3, layout_loops_ring,
          shapermc_ecumenical_altar_notcrosses, serial_forest,
          infiniplex_forest_end_3, infiniplex_forest_zigzag_1,
          infiniplex_forest_clump_small, infiniplex_forest_clump_diagonal,
          infiniplex_forest_end_1, infiniplex_forest_zigzag_1,
          minmay_tetromino_i4
D:2:      layout_loops_ring, basic_altar, grunt_ministairs_6,
          kennysheep_small_spiral, uniq_jessica

Skill      XL: |  1 |
---------------+----+-----
Long Blades    | 3 |  3.9
Fighting       | |  1.1
Throwing       | |  1.2
Armour         | |  1.2
Dodging        | |  2.4
Spellcasting   | |  2.6
Hexes          | |  1.2

Action                   || total
-------------------------++-------
Melee: Falchion          ||    57
 Cast: Slow              ||     8
Armor: Robe              ||    16
Dodge: Dodged            ||    42
